 Dungeon Crawl Stone Soup version 0.29.0-4-gdea44cf6ec (webtiles) character file.

Game seed: 4080901907572467700

5292 qw the Cleaver (level 10, 0/80 HPs)
             Began as a Demonspawn Cinder Acolyte on Sept 8, 2022.
             Was a Believer of Ignis.
             Slain by a two-headed ogre
             ... wielding a +4 dire flail
              (16 damage)
             ... on level 9 of the Dungeon.
             The game lasted 00:02:48 (9749 turns).

qw the Cleaver (Demonspawn Cinder Acolyte)          Turns: 9749, Time: 00:02:49

Health: 0/80       AC: 27    Str: 20    XL:     10   Next: 37%
Magic:  11/11      EV:  6    Int: 15    God:    Ignis [**....]
Gold:   625        SH:  0    Dex:  8    Spells: 11/11 levels left

rFire   + . .      SeeInvis .   Y - +0 war axe
rCold   . . .      Faith    .   (no shield)
rNeg    + . .      Spirit   .   o - +0 plate armour
rPois   .          Reflect  .   (no helmet)
rElec   .          Harm     .   h - +1 cloak
rCorr   +          Rampage  .   k - +0 pair of gloves
Will    .....                   j - +0 pair of boots
Stlth   ..........              (no amulet)
HPRegen 0.23/turn               d - ring of resist corrosion
MPRegen 0.12/turn               q - ring of positive energy

@: fiery-armoured
A: yellow scales 2, spiny 2, demonic touch 2
a: Renounce Religion, Fiery Armour, Foxfire Swarm, Rising Flame


You were on level 9 of the Dungeon.
You worshipped Ignis.
Ignis was pleased with you.
You visited 1 branch of the dungeon, and saw 9 of its levels.

You collected 625 gold pieces.


Innate Abilities, Weirdness & Mutations

You are mostly covered in yellow scales. (AC +3)
You are mostly covered in sharp spines.
Your touch may inflict irresistible damage on your foes.


   Skills:
 - Level 8.0 Fighting
 + Level 11.1 Axes
 - Level 1.0 Throwing
 - Level 6.0 Armour
 - Level 1.0 Dodging
 - Level 1.0 Spellcasting
 - Level 2.6 Fire Magic


You had 11 spell levels left.
You didn't know any spells.
Your spell library contained the following spells:

 Spells                   Type           Power      Damage    Failure   Level
 Scorch                   Fire           16%        2d6       96%         2

Inventory:

Hand Weapons
 p - a +2 hand axe of flaming
 Y - a +0 war axe (weapon)
Armour
 h - a +1 cloak (worn)
 j - a +0 pair of boots (worn)
 k - a +0 pair of gloves (worn)
 o - a +0 plate armour (worn)
Jewellery
 d - a ring of resist corrosion (left hand)
 i - an amulet of reflection
 q - a ring of positive energy (right hand)
Scrolls
 c - 3 scrolls of identify
 f - 6 scrolls of teleportation
 r - a scroll of poison {unknown}
Potions
 a - 5 potions of curing
 b - 2 potions of haste
 e - a potion of resistance
 g - 2 potions of mutation
 m - a potion of cancellation
 n - a potion of heal wounds
 s - a potion of attraction {unknown}

Dungeon Overview and Level Annotations

Branches:
Dungeon (9/15)             Temple (0/1) D:4
   Lair: D:8-11         Orc: D:9-12

Altars:
Ashenzari
Dithmenos
Fedhas
Hepliaklqana
Makhleb
Qazlal
Sif Muna
Vehumet
Xom

Annotations:
D:1 1 runed translucent door
D:4 1 runed translucent door, qw's ghost, amateur GrFi


Message History

There is a stone staircase leading down here.
A two-headed ogre comes into view.
It is wielding a +4 dire flail and a +0 giant club.
The two-headed ogre shouts in stereo!
Throw: boomerang
Press: ? - help, Q - select action Shift-Dir - straight line, f - two-headed ogre You throw a boomerang.
The boomerang hits the two-headed ogre.
The two-headed ogre is lightly wounded.
Throw: boomerang
Press: ? - help, Q - select action Shift-Dir - straight line, f/p - two-headed ogre You throw a boomerang.
The boomerang hits the two-headed ogre but does no damage.
The two-headed ogre is lightly wounded.
Throw: boomerang
Press: ? - help, Q - select action Shift-Dir - straight line, f/p - two-headed ogre You throw a boomerang.
The boomerang barely misses the two-headed ogre.
You slash the two-headed ogre!
The two-headed ogre is moderately wounded.
The two-headed ogre hits you with a +4 dire flail!!
The two-headed ogre completely misses you.
You barely miss the two-headed ogre.
The two-headed ogre is moderately wounded.
You completely miss the two-headed ogre.
The two-headed ogre is moderately wounded.
The two-headed ogre hits you with a +4 dire flail!!
The two-headed ogre barely misses you.
9747 ||| INVOKING Fiery Armour.
A protective cloak of flame settles atop you.
The two-headed ogre hits you with a +4 dire flail!
The two-headed ogre is burned by your cloak of flames.
The two-headed ogre is moderately wounded.
The two-headed ogre completely misses you.
You hit the two-headed ogre.
You touch the two-headed ogre!
The two-headed ogre is heavily wounded.
You hit the two-headed ogre.
You touch the two-headed ogre!
The two-headed ogre is almost dead.
The two-headed ogre is struck by your spines.
The two-headed ogre hits you with a +4 dire flail!
The two-headed ogre hits you with a +0 giant club!
You die...

#..).).#..#.##..###.#.#.#
#....#.#...###...###..#.###
#......)<.)....#..#.......#
##.#####..?....##...###.#%#
#.......#.#.#.###..####..#
########.....###...##....#
#.....(.#........#.#
#.#..##.O..##...##.#
#...####.@###......#
#...##.....##...#.##
##...#..#..#......##
#.....#.#...###...#
###.#..####.#.#.#..# #
#......###...#.#...# #
#.#..#..#..#..#...## #
#.#.###....##.....# #
####..## ##..###..#.##


You could see a two-headed ogre.

Vanquished Creatures
  Erica (D:8)
  Pikel (D:4)
  Maggie (D:8)
  Psyche (D:7)
  A troll (D:8)
  A hornet (D:7)
  A shadow (D:9)
  2 wyverns (D:9)
  Eustachio (D:4)
  An orc warrior (D:8)
  A sky beast (D:7)
  Pargi (D:3)
  An ogre (D:5)
  A centaur (D:9)
  2 phantoms
  A lemure (D:4)
  2 scorpions
  2 bullfrogs
  9 wights
  9 killer bees (D:9)
  7 howler monkeys
  2 jellies
  A gnoll bouda (D:9)
  2 orc priests
  A hound (D:5)
  2 iguanas
  9 orc wizards
  9 adders
  7 gnolls
  A shadow imp (D:7)
  A white imp (D:6)
  An ufetubus (D:4)
  3 worms
  7 dart slugs
  20 orcs
  9 ball pythons
  10 bats
  4 endoplasms
  4 giant cockroaches
  12 goblins
  8 hobgoblins
  3 jackals
  4 quokkas
  3 frilled lizards
  7 kobolds
  6 rats
183 creatures vanquished.

Vanquished Creatures (others)
  An orc wizard (D:8)
  34 plants (D:2)
35 creatures vanquished.

Grand Total: 218 creatures vanquished

Notes
Turn   | Place    | Note
-------+----------+-------------------------------------------
     0 | D:1      | qw the Demonspawn Cinder Acolyte began the quest for the
                  | Orb.
     0 | D:1      | Reached XP level 1. HP: 18/18 MP: 2/2
     0 | D:1      | 0 ||| qw: Version: 0.1-a-112-g44dc6cd
     0 | D:1      | 0 ||| qw: Game counter: 6668
     0 | D:1      | 0 ||| qw: Always use a shield: true
     0 | D:1      | 0 ||| qw: God list: Okawaru
     0 | D:1      | 0 ||| qw: Allow faded altars: false
     0 | D:1      | 0 ||| qw: Do Orc after D:15 true
     0 | D:1      | 0 ||| qw: Do second Lair branch before Depths: true
     0 | D:1      | 0 ||| qw: Lair rune preference: random
     0 | D:1      | 0 ||| qw: Plans: Normal
     0 | D:1      | 0 ||| PLANNING D:1-11
     1 | D:1      | Found a runed translucent door.
    28 | D:1      | Found a faded altar of an unknown god.
   101 | D:1      | 101 ||| INVOKING Fiery Armour.
   320 | D:1      | Reached skill level 3 in Axes
   445 | D:1      | Gained mutation: You are partially covered in sharp spines.
                  | [demonic ancestry]
   445 | D:1      | Reached XP level 2. HP: 15/24 MP: 3/3
   682 | D:1      | 682 ||| Stepping ~*~*~tactically~*~*~ (stealth).
   696 | D:1      | 696 ||| Stepping ~*~*~tactically~*~*~ (stealth).
   821 | D:1      | 821 ||| Stepping ~*~*~tactically~*~*~ (stealth).
   960 | D:1      | Reached XP level 3. HP: 25/29 MP: 4/4
  1190 | D:1      | 1190 ||| UPGRADING to +0 leather armour.
  1200 | D:1      | 1200 ||| DROPPING +0 robe.
  1201 | D:1      | 1201 ||| UPGRADING to ring of resist corrosion.
  1202 | D:1      | 1202 ||| READING scroll labelled TOUGUR IRRURA.
  1214 | D:1      | 1214 ||| READING scroll labelled CIPPEOSTERGHA.
  1215 | D:1      | 1215 ||| READING scroll labelled FOCREN FUDOTYL.
  1216 | D:1      | 1216 ||| READING scroll labelled NUXEER GAIZXAE.
  1217 | D:1      | 1217 ||| DRINKING 2 clear potions.
  1319 | D:2      | Reached skill level 4 in Axes
  1481 | D:2      | Reached skill level 1 in Dodging
  1542 | D:2      | Gained mutation: You are mostly covered in sharp spines.
                  | [demonic ancestry]
  1542 | D:2      | Reached XP level 4. HP: 35/35 MP: 5/5
  2064 | D:2      | 2064 ||| UPGRADING to +0 chain mail.
  2074 | D:2      | 2074 ||| DROPPING +0 leather armour.
  2075 | D:2      | 2075 ||| READING scroll labelled ULEGENWAON.
  2179 | D:3      | 2179 ||| Stepping ~*~*~tactically~*~*~ (hiding).
  2241 | D:3      | Reached skill level 1 in Armour
  2268 | D:3      | Noticed a phantom
  2282 | D:3      | Killed a phantom
  2283 | D:3      | Reached skill level 5 in Axes
  2283 | D:3      | Reached XP level 5. HP: 37/41 MP: 6/6
  2505 | D:3      | Noticed Pargi
  2517 | D:3      | Killed Pargi
  2518 | D:3      | Reached skill level 6 in Axes
  2518 | D:3      | Gained mutation: You are partially covered in yellow
                  | scales. (AC +2) [demonic ancestry]
  2518 | D:3      | Reached XP level 6. HP: 32/47 MP: 7/7
  2543 | D:3      | 2543 ||| Stepping ~*~*~tactically~*~*~ (stealth).
  2830 | D:3      | 2830 ||| UPGRADING to +0 pair of gloves.
  2835 | D:3      | 2835 ||| READING scroll labelled SOTOKY ESCHENG.
  2836 | D:3      | 2836 ||| READING scroll labelled XILLINN JUPS.
  2837 | D:3      | 2837 ||| DRINKING 2 viscous puce potions.
  2957 | D:4      | Found a shadowy altar of Dithmenos.
  2995 | D:4      | Found a runed translucent door.
  3003 | D:4      | Noticed qw's ghost (amateur GrFi)
  3048 | D:4      | 3048 ||| Stepping ~*~*~tactically~*~*~ (stealth).
  3052 | D:4      | Noticed Pikel
  3061 | D:4      | 3061 ||| INVOKING Fiery Armour.
  3063 | D:4      | HP: 7/47 [Pikel/+2 whip of freezing (8)]
  3064 | D:4      | 3064 ||| READING 5 scrolls of teleportation.
  3066 | D:4      | HP: 2/47 [Pikel/+2 whip of freezing (2)]
  3378 | D:4      | 3378 ||| READING scroll of enchant weapon.
  3378 | D:4      | 3378 ||| ENCHANTING +0 hand axe of flaming.
  3519 | D:4      | 3519 ||| INVOKING Fiery Armour.
  3654 | D:4      | 3654 ||| Stepping ~*~*~tactically~*~*~ (hiding).
  3656 | D:4      | 3656 ||| Stepping ~*~*~tactically~*~*~ (hiding).
  3798 | D:4      | Found a hazy altar of Hepliaklqana.
  3837 | D:4      | Found a staircase to the Ecumenical Temple.
  3937 | D:4      | 3937 ||| INVOKING Fiery Armour.
  3937 | D:4      | Killed Pikel
  3938 | D:4      | Reached skill level 6 in Fighting
  3938 | D:4      | Gained mutation: Your touch may inflict minor irresistible
                  | damage on your foes. [demonic ancestry]
  3938 | D:4      | Reached XP level 7. HP: 29/59 MP: 8/8
  4403 | D:4      | Noticed Eustachio
  4405 | D:4      | 4405 ||| Stepping ~*~*~tactically~*~*~ (hiding).
  4410 | D:4      | 4410 ||| INVOKING Fiery Armour.
  4419 | D:4      | Killed Eustachio
  4420 | D:4      | Gained mutation: You are mostly covered in yellow scales.
                  | (AC +3) [demonic ancestry]
  4420 | D:4      | Reached XP level 8. HP: 42/65 MP: 9/9
  4637 | D:4      | 4637 ||| READING 3 scrolls labelled QABOFA QOLU.
  4638 | D:4      | 4638 ||| READING scroll labelled TISHAD EMELE.
  4639 | D:4      | 4639 ||| READING scroll labelled NOYDUHIXORR.
  4640 | D:4      | 4640 ||| READING 2 scrolls of identify.
  4640 | D:4      | 4640 ||| IDENTIFYING silvery potion
  4651 | D:5      | Entered Level 5 of the Dungeon
  4655 | D:5      | 4655 ||| STAIRDANCE
  4685 | D:5      | Reached skill level 7 in Axes
  4834 | D:5      | Reached skill level 1 in Throwing
  5562 | D:5      | 5562 ||| DRINKING 2 cyan potions.
  5663 | D:5      | 5663 ||| READING 6 scrolls of identify.
  5663 | D:5      | 5663 ||| IDENTIFYING sedimented black potion
  5664 | D:5      | 5664 ||| READING 5 scrolls of identify.
  5664 | D:5      | 5664 ||| IDENTIFYING smoky orange potion
  5665 | D:5      | 5665 ||| READING 4 scrolls of identify.
  5665 | D:5      | 5665 ||| IDENTIFYING lumpy amethyst potion
  5666 | D:5      | 5666 ||| READING 3 scrolls of identify.
  5666 | D:5      | 5666 ||| IDENTIFYING fuming purple potion
  5667 | D:5      | 5667 ||| READING 2 scrolls of identify.
  5667 | D:5      | 5667 ||| IDENTIFYING glowing sapphire potion
  5668 | D:5      | 5668 ||| DROPPING potion of ambrosia.
  5669 | D:5      | 5669 ||| DROPPING potion of magic.
  5670 | D:5      | 5670 ||| DROPPING potion of degeneration.
  5804 | D:6      | Reached skill level 8 in Axes
  5904 | D:6      | 5904 ||| INVOKING Fiery Armour.
  5913 | D:6      | 5913 ||| DRINKING 6 potions of curing.
  5913 | D:6      | 5913 ||| (to cure confusion)
  6051 | D:6      | Found a shimmering altar of Xom.
  6217 | D:6      | 6217 ||| UPGRADING to +0 pair of boots.
  6222 | D:6      | 6222 ||| READING scroll labelled CIXALLOQOD.
  6448 | D:7      | Noticed a hornet
  6453 | D:7      | Killed a hornet
  6454 | D:7      | Reached skill level 3 in Armour
  6548 | D:7      | Found a stormy altar of Qazlal.
  6585 | D:7      | 6585 ||| READING scroll of enchant weapon.
  6585 | D:7      | 6585 ||| ENCHANTING +1 hand axe of flaming.
  6685 | D:7      | 6685 ||| SWAPPING to +0 war axe.
  6698 | D:7      | 6698 ||| Stepping ~*~*~tactically~*~*~ (hiding).
  6710 | D:7      | Reached XP level 9. HP: 60/70 MP: 10/10
  6889 | D:7      | 6889 ||| UPGRADING to +0 plate armour.
  6899 | D:7      | 6899 ||| DROPPING +0 chain mail.
  6900 | D:7      | 6900 ||| READING scroll labelled DOHIEKH LEEST.
  6907 | D:8      | Noticed Psyche
  6917 | D:8      | 6917 ||| STAIRDANCE
  6923 | D:7      | Killed Psyche
  6924 | D:7      | Reached skill level 9 in Axes
  7036 | D:8      | 7036 ||| STAIRDANCE
  7202 | D:8      | Identified the +1 robe of Broken Taboos {Will- Regen+ Int+2
                  | Slay+2}
  7222 | D:8      | Noticed Erica
  7223 | D:8      | 7223 ||| INVOKING Fiery Armour.
  7234 | D:8      | 7234 ||| DRINKING 6 potions of curing.
  7234 | D:8      | 7234 ||| (to cure confusion)
  7234 | D:8      | Killed Erica
  7235 | D:8      | Reached skill level 10 in Axes
  7236 | D:8      | 7236 ||| FLEEEEING.
  7237 | D:8      | 7237 ||| FLEEEEING.
  7238 | D:8      | 7238 ||| STAIRDANCE
  7281 | D:7      | 7281 ||| UPGRADING to +1 cloak.
  7300 | D:8      | Noticed Maggie
  7301 | D:8      | 7301 ||| Stepping ~*~*~tactically~*~*~ (hiding).
  7304 | D:8      | 7304 ||| Stepping ~*~*~tactically~*~*~ (hiding).
  7305 | D:8      | 7305 ||| Stepping ~*~*~tactically~*~*~ (hiding).
  7306 | D:8      | 7306 ||| Stepping ~*~*~tactically~*~*~ (hiding).
  7308 | D:8      | 7308 ||| Stepping ~*~*~tactically~*~*~ (hiding).
  7308 | D:8      | Found a burning altar of Makhleb.
  7321 | D:8      | Killed Maggie
  7625 | D:8      | 7625 ||| Stepping ~*~*~tactically~*~*~ (hiding).
  7627 | D:8      | 7627 ||| Stepping ~*~*~tactically~*~*~ (hiding).
  7713 | D:8      | Found a broken altar of Ashenzari.
  7790 | D:8      | 7790 ||| Stepping ~*~*~tactically~*~*~ (stealth).
  7792 | D:8      | 7792 ||| Stepping ~*~*~tactically~*~*~ (stealth).
  7797 | D:8      | 7797 ||| Stepping ~*~*~tactically~*~*~ (hiding).
  7910 | D:8      | 7910 ||| Stepping ~*~*~tactically~*~*~ (stealth).
  7950 | D:8      | 7950 ||| Stepping ~*~*~tactically~*~*~ (hiding).
  7953 | D:8      | 7953 ||| Stepping ~*~*~tactically~*~*~ (hiding).
  7968 | D:8      | 7968 ||| Stepping ~*~*~tactically~*~*~ (stealth).
  8191 | D:8      | Found a shimmering blue altar of Sif Muna.
  8285 | D:8      | Found a blossoming altar of Fedhas.
  8351 | D:8      | Noticed a troll
  8359 | D:8      | Killed a troll
  8360 | D:8      | Gained mutation: Your touch may inflict irresistible damage
                  | on your foes. [demonic ancestry]
  8360 | D:8      | Reached XP level 10. HP: 53/79 MP: 11/11
  8501 | D:8      | 8501 ||| Stepping ~*~*~tactically~*~*~ (stealth).
  8594 | D:8      | 8594 ||| UPGRADING to ring of positive energy.
  8595 | D:8      | 8595 ||| READING scroll labelled ENYH MUKUVAR.
  8621 | D:9      | 8621 ||| Stepping ~*~*~tactically~*~*~ (stealth).
  8624 | D:9      | 8624 ||| Stepping ~*~*~tactically~*~*~ (stealth).
  8666 | D:9      | Reached skill level 11 in Axes
  8669 | D:9      | 8669 ||| Stepping ~*~*~tactically~*~*~ (stealth).
  8693 | D:9      | 8693 ||| Stepping ~*~*~tactically~*~*~ (stealth).
  8834 | D:9      | 8834 ||| Stepping ~*~*~tactically~*~*~ (stealth).
  8838 | D:9      | Reached skill level 6 in Armour
  8878 | D:9      | 8878 ||| Stepping ~*~*~tactically~*~*~ (stealth).
  8879 | D:9      | 8879 ||| Stepping ~*~*~tactically~*~*~ (stealth).
  8881 | D:9      | 8881 ||| Stepping ~*~*~tactically~*~*~ (stealth).
  8883 | D:9      | 8883 ||| Stepping ~*~*~tactically~*~*~ (stealth).
  8965 | D:9      | 8965 ||| Stepping ~*~*~tactically~*~*~ (stealth).
  8967 | D:9      | 8967 ||| Stepping ~*~*~tactically~*~*~ (hiding).
  8977 | D:9      | 8977 ||| Stepping ~*~*~tactically~*~*~ (stealth).
  8981 | D:9      | 8981 ||| Stepping ~*~*~tactically~*~*~ (stealth).
  8984 | D:9      | 8984 ||| Stepping ~*~*~tactically~*~*~ (stealth).
  9035 | D:9      | Identified the +2 sling "Kajurr" {speed, rElec}
  9039 | D:9      | Identified the +1 ring mail "Hivuas" {Int-3 Dex+3}
  9140 | D:9      | Found a radiant altar of Vehumet.
  9256 | D:9      | 9256 ||| Stepping ~*~*~tactically~*~*~ (stealth).
  9279 | D:9      | 9279 ||| Stepping ~*~*~tactically~*~*~ (stealth).
  9285 | D:9      | 9285 ||| INVOKING Fiery Armour.
  9739 | D:9      | Noticed a two-headed ogre
  9747 | D:9      | 9747 ||| INVOKING Fiery Armour.
  9749 | D:9      | HP: 16/80 [two-headed ogre/+4 dire flail (8)]
  9749 | D:9      | Slain by a two-headed ogre

Levels and vault maps discovered:
D:1:      dpeg_arrival_caged_fury, layout_rooms,
          shapermc_ecumenical_altar_mp_highgroup, dreamdust_wishing_well
D:2:      layout_rooms, serial_bayou, serial_bayou_ford_a,
          serial_bayou_lagoon_a, serial_bayou_pond_a, serial_bayou_crossing,
          serial_bayou_pond_b
D:3:      layout_basic, minmay_misc_feat_plants,
          amcnicky_mini_rare_corridor_liquid, uniq_pargi
D:4:      layout_basic, grunt_dithmenos_smoke, kennysheep_mini_moat,
          temple_statues, ebering_ghost_sewer_d, uniq_pikel, uniq_eustachio
D:5:      layout_gridville, serial_rivers, chequers_serial_rivers_small_3,
          chequers_serial_rivers_room_b, chequers_serial_rivers_micro_b,
          chequers_serial_rivers_room_a, chequers_serial_rivers_large_a
D:6:      layout_cave_pools, lemuel_tele_altar, serial_bayou_pond_d
D:7:      layout_gridville, nicolae_qazlal_eye_of_the_storm
D:8:      layout_rooms, nicolae_overflow_hidden_temple,
          mainiacjoe_overflow_tiny_flanked, nicolae_ashenzari_skybound, tgw_sif,
          fedhas_altar_2, grunt_decor_one_mirror, minmay_misc_feat_nine_boxes,
          uniq_erica, uniq_maggie, uniq_psyche
D:9:      hellmonk_destroyed_diamonds, layout_basic,
          mainiacjoe_overflow_24_doors

Skill      XL: |  1  2  3  4  5  6  7  8  9 10 |
---------------+-------------------------------+-----
Axes           | 3 4 5 6 8 10 11 | 11.1
Dodging        | 1 |  1.0
Armour         | 1 2 3 5 6 |  6.0
Fighting       | 6 7 8 |  8.0
Throwing       | 1 |  1.0
Spellcasting   | |  1.0
Fire Magic     | |  2.6

Action                   |  1- 3 |  4- 6 |  7- 9 | 10-12 || total
-------------------------+-------+-------+-------+-------++-------
Melee: Hand axe          |    75 |   114 |    59 |       ||   248
       Punch             |     2 |     2 |       |     1 ||     5
       Touch             |       |       |    19 |     3 ||    22
       War axe           |       |       |    91 |    63 ||   154
       Unarmed           |       |       |     1 |       ||     1
Throw: Boomerang         |    15 |    22 |    38 |    12 ||    87
Invok: Fiery Armour      |     1 |     3 |     3 |     2 ||     9
  Use: Scroll            |     4 |     5 |    12 |     1 ||    22
       Potion            |     1 |     1 |     3 |       ||     5
Armor: Robe              |     8 |       |       |       ||     8
       Leather armour    |     7 |     6 |       |       ||    13
       Chain mail        |       |    51 |    39 |       ||    90
       Plate armour      |       |       |    35 |    48 ||    83
       Skin              |       |       |     1 |       ||     1
Dodge: Dodged            |    26 |    36 |    38 |    14 ||   114

Table legend:
 A = Non-vault XP
 B = Vault XP
 C = Vault XP percentage of total XP
 D = Non-vault monster count
 E = Vault monster count
 F = Vault count percentage of total count
                 A         B        C        D         E       F
            +---------+---------+-------+---------+---------+-------
      Total |    4937 |    2624 |  34.7 |     171 |      11 |   6.0
            +---------+---------+-------+---------+---------+-------
        D:1 |      45 |       0 |   0.0 |      23 |       0 |   0.0
        D:2 |      74 |      31 |  29.5 |      27 |       5 |  15.6
        D:3 |     160 |     128 |  44.4 |      26 |       1 |   3.7
        D:4 |     179 |     869 |  82.9 |      12 |       2 |  14.3
        D:5 |     411 |       0 |   0.0 |       9 |       0 |   0.0
        D:6 |     333 |       0 |   0.0 |      11 |       0 |   0.0
        D:7 |     704 |     365 |  34.1 |       8 |       1 |  11.1
        D:8 |    1441 |    1231 |  46.1 |      24 |       2 |   7.7
        D:9 |    1590 |       0 |   0.0 |      31 |       0 |   0.0
            +---------+---------+-------+---------+---------+-------
